[Event "WCCC U10 2019"]
[Site "Weifang"]
[Date "2019.08.27"]
[Round "6.5"]
[White "Efimov, Leonid"]
[Black "Xie, Bryan"]
[Result "1-0"]
[ECO "D78"]
[WhiteElo "1773"]
[BlackElo "1696"]
[Annotator "NA"]
[PlyCount "121"]
[EventDate "2019.08.21"]
[EventType "swiss"]
[EventCountry "CHN"]
[SourceTitle "playchess.com"]
[Source "ChessBase"]
[SourceQuality "1"]
[TimeControl "40/5400+30:1800+30"]

1. Nf3 d5 2. g3 Nf6 3. Bg2 g6 4. O-O Bg7 5. d4 O-O 6. Nbd2 Bf5 7. c4 c6 8. Qb3 Qc8 9. Ne5 Nbd7 10. cxd5 cxd5 11. Bxd5 Nxd5 12. Qxd5 Nxe5 13. dxe5 Rd8 14. Qb5 a6 15. Qb4 Bxe5 16. Qxe7 Re8 17. Qb4 Bh3 18. Re1 Qc6 19. Nf3 Bd6 20. Qb3 Rac8 21. Be3 Qe4 22. Rad1 Be6 23. Qd3 Qxd3 24. Rxd3 Bb4 25. Ra1 Rc2 26. a3 Bf8 27. Rd2 Rxd2 28. Bxd2 Bc4 29. e3 Rd8 30. Bc3 Be7 31. Nd2 Bd3 32. Re1 Rc8 33. e4 Bxa3 34. Re3 Rxc3 35. bxc3 Bc2 36. Kf1 Bc5 37. Re1 Bd3+ 38. Kg2 b6 39. Ra1 a5 40. Nb3 Be7 41. Kf3 Kf8 42. Ke3 Bb5 43. Nd4 Bc5 44. Kd2 Ba6 45. f3 Ke8 46. Nc6 Bb7 47. Ne5 f6 48. Nd3 Be7 49. Rb1 Bd8 50. Nc5 Bc6 51. Ne6 b5 52. Nd4 Kd7 53. Nxb5 f5 54. Nd4 fxe4 55. Nxc6 Kxc6 56. fxe4 Bf6 57. Kd3 h5 58. Kc4 Be5 59. Rb5 Bxc3 60. Rc5+ Kb6 61. Rg5 1-0

[Event "WCCC U10 2019"]
[Site "Weifang"]
[Date "2019.08.27"]
[Round "6.6"]
[White "Sodbilegt, Naranbold"]
[Black "Bharadia Yash"]
[Result "1-0"]
[ECO "B99"]
[WhiteElo "1458"]
[BlackElo "1963"]
[Annotator "NA RC"]
[PlyCount "63"]
[EventDate "2019.08.21"]
[EventType "swiss"]
[EventCountry "CHN"]
[SourceTitle "playchess.com"]
[Source "ChessBase"]
[SourceQuality "1"]
[TimeControl "40/5400+30:1800+30"]

1. e4 c5 2. Nf3 d6 3. d4 cxd4 4. Nxd4 Nf6 5. Nc3 a6 6. Bg5 e6 7. f4 Be7 8. Qf3 Qc7 9. O-O-O Nbd7 10. g4 b5 11. Bxf6 Nxf6 12. g5 Nd7 13. f5 Nc5 14. f6 gxf6 15. gxf6 Bf8 $1 16. Rg1 h5 {[%emt 0:02:50] [#]} 17. Kb1 $1 b4 18. Nd5 exd5 19. exd5 Nd7 {[%emt 0:05:54] [#]} (19... Bg4 $16 20. Re1+ Kd8) 20. Nc6 $1 Bb7 21. Qe4+ Ne5 22. Nxb4 a5 23. Bb5+ Kd8 24. Nc6+ Bxc6 25. dxc6 $18 Ke8 26. Rg5 Be7 27. fxe7 Qb6 28. c7+ Kxe7 29. Rxe5+ dxe5 30. Qxe5+ Qe6 31. Rd7+ Kf8 32. Qxh8# 1-0

[Event "WCCC U10 2019"]
[Site "Weifang"]
[Date "2019.08.27"]
[Round "6.8"]
[White "Jiang, Qiyu"]
[Black "Lu, Miaoyi"]
[Result "1/2-1/2"]
[ECO "A08"]
[WhiteElo "1593"]
[BlackElo "1950"]
[Annotator "NA RC"]
[PlyCount "88"]
[EventDate "2019.08.21"]
[EventType "swiss"]
[EventCountry "CHN"]
[SourceTitle "playchess.com"]
[Source "ChessBase"]
[SourceQuality "1"]
[TimeControl "40/5400+30:1800+30"]

1. Nf3 d5 2. g3 c5 3. Bg2 Nf6 4. O-O g6 5. c4 d4 6. d3 Nc6 7. Bf4 Nh5 8. Bd2 Bg7 9. Na3 O-O 10. Nc2 a5 11. Rb1 Qc7 12. b3 b6 13. a3 Bb7 14. b4 axb4 15. axb4 Rfb8 16. Qc1 Ne5 17. Nxe5 Bxg2 18. Kxg2 $11 Bxe5 19. Na3 Bg7 20. Nb5 Qc6+ 21. Kg1 e5 22. Qc2 Nf6 23. bxc5 bxc5 24. Ra1 Ne8 25. Rfb1 Nd6 26. Rxa8 Rxa8 27. Nxd6 Qxd6 28. Qb3 h6 29. Qb7 Ra2 30. Rb2 Rxb2 31. Qxb2 Qa6 32. Qb8+ Kh7 33. Qb5 Qa1+ 34. Kg2 Qd1 35. Ba5 Qxe2 36. Qxc5 Qxd3 37. Qd5 f5 38. c5 e4 39. c6 Qf3+ 40. Kg1 Qd1+ 41. Kg2 e3 42. fxe3 Qe2+ 43. Kh3 Qg4+ 44. Kg2 Qe2+ 1/2-1/2

[Event "WCCC U10 2019"]
[Site "Weifang"]
[Date "2019.08.27"]
[Round "6.9"]
[White "Sowinski, Pawel"]
[Black "Meng, Yihan"]
[Result "0-1"]
[ECO "B13"]
[WhiteElo "1582"]
[BlackElo "1793"]
[Annotator "NA"]
[PlyCount "140"]
[EventDate "2019.08.21"]
[EventType "swiss"]
[EventCountry "CHN"]
[SourceTitle "playchess.com"]
[Source "ChessBase"]
[SourceQuality "1"]
[TimeControl "40/5400+30:1800+30"]

1. e4 c6 2. d4 d5 3. exd5 cxd5 4. Bd3 Nc6 5. Nf3 Bg4 6. c3 e6 7. h3 Bh5 8. Nbd2 Bd6 9. Qa4 Nge7 10. O-O O-O 11. b4 Bg6 12. Bxg6 Nxg6 13. Nb3 Nce7 14. Nc5 b6 15. Nd3 Bc7 16. Re1 Nf5 17. Qb3 Qd6 18. b5 Nfh4 19. Nfe5 Rfc8 20. f4 a6 21. bxa6 Rxa6 22. a4 Qd8 23. Rf1 Bxe5 24. fxe5 Nf5 25. Kh2 Qc7 26. Bd2 Qc4 27. Qxc4 Rxc4 28. a5 Rxa5 29. Rxa5 bxa5 30. Nc5 Nxe5 31. Rb1 h6 32. Ra1 Nc6 33. Nb7 Nce7 34. g4 Nh4 35. Kg3 g5 36. Rxa5 Rc7 37. Nc5 Kh7 38. Ra6 Nc8 39. Kf2 Ng6 40. Ke2 Ra7 41. Rxa7 Nxa7 42. Nd3 Nb5 43. Nb2 Kg8 44. Kd3 Nd6 45. c4 dxc4+ 46. Nxc4 Nxc4 47. Kxc4 Ne7 48. Kc5 Nd5 49. Kd6 Kg7 50. Ke5 Kg6 51. Bc1 Nb4 52. Be3 h5 53. Bd2 Nd3+ 54. Kd6 h4 55. d5 exd5 56. Kxd5 Nf2 57. Be3 Nxh3 58. Ke4 Nf4 59. Bxf4 gxf4 60. Kxf4 f6 61. Ke3 Kg5 62. Kf3 h3 63. Kg3 h2 64. Kxh2 Kxg4 65. Kg2 Kf4 66. Kf2 f5 67. Ke2 Kg3 68. Kf1 f4 69. Kg1 f3 70. Kh1 Kf2 0-1

[Event "WCCC U10 2019"]
[Site "Weifang"]
[Date "2019.08.28"]
[Round "7.2"]
[White "Mayank Chakraborty"]
[Black "Ilamparthi A R"]
[Result "0-1"]
[ECO "B07"]
[WhiteElo "1731"]
[BlackElo "1984"]
[Annotator "NA RC"]
[PlyCount "120"]
[EventDate "2019.08.21"]
[EventType "swiss"]
[EventCountry "CHN"]
[SourceTitle "playchess.com"]
[Source "ChessBase"]
[SourceQuality "1"]
[TimeControl "40/5400+30:1800+30"]

1. e4 g6 2. d4 Bg7 3. Nf3 d6 4. c3 Nf6 5. Bd3 O-O 6. O-O Nc6 7. d5 Nb8 8. c4 a5 {[%emt 0:00:20] B07: Pirc Defence: Miscellaneous Systems} 9. Nc3 Na6 10. h3 Nc5 (10... e5 11. dxe6 Bxe6 12. Be3 Re8 13. Rc1 Nb4 14. Nd4 Nxd3 15. Qxd3 Nd7 16. b3 {1-0 (34) Jakovenko,D (2713)-Rapport,R (2693) Achaia 2013}) 11. Be3 $146 ({Predecessor:} 11. Bc2 e5 12. Bg5 h6 13. Be3 Ne8 14. Qd2 Kh7 15. Rae1 b6 16. Nh2 {1-0 (37) Komissarov,A (2234)-Kavinda,A (2091) Moscow 2017}) 11... Nfd7 12. Bc2 c6 13. Bd4 f6 14. Qe2 e5 15. dxe6 Nxe6 16. Be3 Ne5 17. Rad1 Qe7 18. Ne1 g5 19. Bb3 ({Better is} 19. Na4 $16) 19... Nc5 20. Bxc5 dxc5 21. Na4 Rb8 22. Qd2 ({White should try} 22. Qe3 $11) 22... b6 23. Nd3 Ng6 24. Nc1 Nh4 25. f4 f5 ({Of course not} 25... Qxe4 $6 26. Bc2 $11) 26. e5 gxf4 27. Nd3 f3 28. g3 Ng6 29. Rxf3 Nxe5 30. Re3 {[%emt 0:00:41] [#]} Qc7 $1 31. Nxe5 Bxe5 32. Qe1 {[%emt 0:00:05] [#]} Bf6 $1 ({Stronger than} 32... Bd4 {[#]} 33. Rxd4 $1 cxd4 34. c5+ (34. Re7 Bd7 $18) 34... Kh8 35. Re7 $16) 33. Nc3 $2 (33. Rf3 {keeps fighting.}) 33... Qg7 (33... f4 $19 34. gxf4 Bd4) 34. Kh2 Bg5 35. Re8 Bd7 36. Rxb8 Rxb8 37. Qf1 Bf6 38. Qd3 Rd8 39. Qf3 {[%emt 0:01:30] [#]} Re8 ({Black should try} 39... Kh8 $1 $19 40. Na4 f4) 40. Ne2 (40. Ba4 $17 {was worth a try.}) 40... Bxb2 41. Nf4 Bd4 42. Ne2 Re3 43. Qf2 Qe5 44. Nxd4 cxd4 45. c5+ Kg7 46. Rd2 bxc5 47. Bc4 Be6 48. Bxe6 Qxe6 49. Qf4 Re2+ 50. Rxe2 Qxe2+ 51. Kg1 Qe3+ 52. Qxe3 $19 dxe3 53. Kf1 Kf6 54. Ke2 Ke5 55. Kxe3 c4 56. h4 h5 57. a3 a4 58. Kd2 Kd4 59. Kc2 c3 60. Kc1 Kd3 0-1

[Event "WCCC U10 2019"]
[Site "Weifang"]
[Date "2019.08.28"]
[Round "7.3"]
[White "Sodbilegt, Naranbold"]
[Black "Mamedov, Edgar"]
[Result "1-0"]
[ECO "B15"]
[WhiteElo "1458"]
[BlackElo "1714"]
[Annotator "NA RC"]
[PlyCount "55"]
[EventDate "2019.08.21"]
[EventType "swiss"]
[EventCountry "CHN"]
[SourceTitle "playchess.com"]
[Source "ChessBase"]
[SourceQuality "1"]
[TimeControl "40/5400+30:1800+30"]

1. e4 c6 2. d4 d5 3. Nd2 dxe4 4. Nxe4 Nf6 5. Nxf6+ exf6 6. c3 Bd6 7. Bd3 O-O 8. Ne2 Re8 9. Qc2 h5 10. O-O Nd7 11. Nf4 h4 12. h3 Nf8 13. Bd2 Qc7 14. Ne2 f5 15. Rae1 f4 16. f3 g5 17. c4 Ne6 18. Bc3 Ng7 19. Bh7+ Kf8 20. c5 Be7 21. Nc1 Be6 22. Nd3 Nf5 23. Rxe6 fxe6 24. Bxf5 exf5 25. Ne5 Qc8 26. Qb3 Kg7 27. Qf7+ Kh6 28. Qg6# 1-0

[Event "WCCC U10 2019"]
[Site "Weifang"]
[Date "2019.08.28"]
[Round "7.4"]
[White "Kong, Xiangrui"]
[Black "Wongso, Steve"]
[Result "0-1"]
[ECO "C02"]
[WhiteElo "1889"]
[BlackElo "1765"]
[Annotator "NA RC"]
[PlyCount "120"]
[EventDate "2019.08.21"]
[EventType "swiss"]
[EventCountry "CHN"]
[SourceTitle "playchess.com"]
[Source "ChessBase"]
[SourceQuality "1"]
[TimeControl "40/5400+30:1800+30"]

1. e4 e6 2. d4 d5 3. e5 c5 4. c3 Nc6 5. Nf3 Nge7 6. Bd3 cxd4 7. cxd4 Nf5 8. Bxf5 exf5 9. Nc3 Be6 10. O-O Be7 11. Ne2 g5 {[%emt 0:00:14] C02: French: Advance Variation} 12. Bd2 h5 $146 {[%emt 0:25:04] [#]} ({Predecessor:} 12... f4 $15 {stays ahead.} 13. Ne1 O-O 14. Bc3 Qd7 15. f3 Rad8 16. Nd3 Bf5 17. Qd2 f6 18. Rae1 Rfe8 19. Nec1 {½-½ (43) Veroci,Z (2415)-Gavric,M (2320) Banja Luka 1987}) 13. Qa4 (13. h4 $1 $16) 13... f4 14. Ne1 (14. Qb3 $11) 14... Rg8 (14... h4 $15) 15. Kh1 (15. h4 $11 {keeps the balance.}) 15... Bf5 16. Rc1 Rc8 17. b4 (17. h4 $5) 17... a6 18. b5 (18. h4 $5) 18... axb5 19. Qxb5 Qd7 20. Nd3 Ra8 21. a4 {[%emt 0:08:32] [#]} h4 ({But not} 21... Nxd4 $6 22. Nxd4 Qxb5 23. Nxb5 $15) ({Black should try} 21... Na5 $1 $17 22. Qxd7+ (22. Bxa5 Qxb5) 22... Kxd7 23. Nc5+ Bxc5 24. Rxc5 {[%mdl 64] Double Attack} Nc4) 22. f3 (22. Nc5 $11 Bxc5 23. Rxc5) 22... h3 23. g4 $1 fxg3 (23... Bxd3 $5 24. Qxd3 Rxa4 $11) 24. hxg3 g4 (24... Nxd4 $11 {remains equal.} 25. Nxd4 Qxb5 26. Nxb5 Bxd3 27. Nc7+ Kd7) 25. f4 $2 {[%emt 0:00:35] [#]} (25. fxg4 $14 {stays ahead.} Bxg4 26. Ndf4) 25... Be4+ (25... Na5 $142 $1 26. Qxd7+ (26. Bxa5 Qxb5) 26... Kxd7 27. Nc5+ Bxc5 28. Bxa5 Rxa5 29. Rxc5 Be4+ 30. Kh2 Rxa4) 26. Kh2 {[%emt 0:00:13] [#]} Bf3 $2 (26... Na5 $1 $17 27. Qxd7+ (27. Bxa5 Qxb5) 27... Kxd7 28. e6+ {[%mdl 64] Decoy} Kxe6 29. f5+ Kf6) 27. Ne1 $2 (27. Nc3 $1 $11) 27... Bxe2 $1 28. Qxe2 Nxd4 29. Qd3 Nf5 ({Much less strong is} 29... Qxa4 30. Be3 $15) 30. a5 Rg6 31. Nc2 d4 32. Rfd1 (32. Rb1 $17 {was necessary.}) 32... Rc8 (32... Bd8 $19 33. Bb4 Bxa5 34. Nxd4 Qxd4 35. Qxd4 (35. Qb5+ $2 Rc6 $19) 35... Nxd4 36. Rxd4 Bb6) 33. Nxd4 {[%emt 0:05:53] [#]} (33. Ne1 $17) 33... Rxc1 $1 34. Bxc1 Nxd4 35. Qxd4 Qxd4 36. Rxd4 Rc6 37. Bd2 Rc2 38. Kh1 (38. f5 $142 Bc5 39. Rxg4) 38... Bc5 39. Rd5 Bf2 40. f5 Rb2 $19 41. a6 Bxg3 42. Bc1 Rb1 43. Rc5 bxa6 44. Kg1 Bf4 45. Kf1 Rxc1+ 46. Rxc1 Bxc1 47. e6 fxe6 48. fxe6 g3 49. Ke2 h2 50. Kf3 h1=Q+ 51. Kxg3 Ke7 52. Kg4 Kxe6 53. Kg3 a5 54. Kf2 a4 55. Kg3 a3 56. Kf2 a2 57. Ke2 a1=R 58. Kd3 Bh6 59. Kc2 Ra3 60. Kb2 Qc1# 0-1

[Event "WCCC U10 2019"]
[Site "Weifang"]
[Date "2019.08.28"]
[Round "7.5"]
[White "Xiong, Junyi"]
[Black "Vetokhin, Savva"]
[Result "0-1"]
[ECO "B59"]
[WhiteElo "1440"]
[BlackElo "2016"]
[Annotator "NA RC"]
[PlyCount "115"]
[EventDate "2019.08.21"]
[EventType "swiss"]
[EventCountry "CHN"]
[SourceTitle "playchess.com"]
[Source "ChessBase"]
[SourceQuality "1"]
[TimeControl "40/5400+30:1800+30"]

1. e4 c5 2. Nf3 Nc6 3. d4 cxd4 4. Nxd4 Nf6 5. Nc3 d6 6. Be2 e5 7. Nb3 Be7 8. O-O O-O 9. Be3 a5 10. a4 Nb4 11. Bc4 {[%emt 0:05:58] B59: Classical Sicilian: 6 Be2 e5 7 Nb3} (11. f4 Be6 12. Kh1 Rc8 13. Bf3 d5 14. fxe5 Nxe4 15. Bxe4 dxe4 16. Nd4 Qc7 17. Qh5 g6 18. Nxe6 fxe6 19. Qg4 Nxc2 20. Qxe6+ Kg7 21. Rxf8 Rxf8 {½-½ (42) Harmon Vellotti,L (2396)-Corrales Jimenez,F (2577) Wheeling 2014}) 11... Qc7 12. Qe2 $146 ({Predecessor:} 12. Bd5 Nfxd5 13. Nxd5 Nxd5 14. exd5 Bf5 15. c3 Qc4 16. f3 Bg6 17. Nc1 f5 18. Qb3 Qxb3 19. Nxb3 {0-1 (36) Camargo,S (2003)-Tovio,I (2275) Bogota 2012}) 12... Be6 (12... Nxe4 $5 13. Nb5 (13. Nxe4 d5 $15) 13... Qc6 $11) 13. Bxe6 $1 fxe6 14. Rad1 Qc6 15. Bg5 b6 16. f4 exf4 17. Bxf4 Rad8 18. Nd4 Qc8 19. Be3 g6 20. Kh1 Kg7 21. Bg1 e5 22. Nf3 Nd7 23. Nb5 Rf6 ({Better is} 23... Qxc2 $14 24. Qxc2 Nxc2) 24. c3 Na6 {[%emt 0:00:28] [#]} 25. Nd2 (25. Bf2 $1 $16) 25... Rxf1 (25... Nac5 $11) 26. Nxf1 ({Of course not} 26. Rxf1 Nac5 $11) 26... Ndc5 $2 {[%emt 0:00:42] [#]} (26... Nac5 $1 $14) 27. Qc2 $2 (27. Ne3 $1 $18) 27... Qc6 28. Ne3 Qxe4 29. Qxe4 Nxe4 30. Nd5 {[%emt 0:00:05] Double Attack} Bg5 31. Nxb6 Nd2 {[%emt 0:05:36] [#]} (31... h5 $14) 32. h4 $1 Bh6 {[%emt 0:00:09] [#]} 33. g4 $1 Bf4 34. Nd5 Nf3 35. Nxf4 exf4 36. Bd4+ Nxd4 37. Rxd4 Rf8 38. Nxd6 Nc5 39. Kg2 Nb3 40. Re4 Nc5 {[%emt 0:00:26] [#]} 41. Re7+ ({White should try} 41. Rc4 $1 $18 Nd3 42. b4) 41... Kg8 42. Ne4 ({White should play} 42. Kf3 $18) 42... f3+ $1 43. Kf1 Nd3 44. g5 Rf4 45. Nf6+ Kf8 46. Re4 Rxe4 47. Nxe4 Nxb2 48. Nc5 Nd1 49. c4 Ke7 50. Ke1 f2+ 51. Ke2 Kd6 52. Nb7+ (52. Nb3 $11 {remains equal.}) 52... Ke5 $1 53. Nxa5 Kf4 54. Nb3 $1 Kg3 55. a5 Kg2 $19 56. Nd2 Nc3+ 57. Kd3 Nb1 58. Kd4 0-1

[Event "WCCC U10 2019"]
[Site "Weifang"]
[Date "2019.08.28"]
[Round "7.6"]
[White "Meng, Yihan"]
[Black "Huang, Yuhang"]
[Result "1-0"]
[ECO "B22"]
[WhiteElo "1793"]
[BlackElo "1364"]
[Annotator "NA RC"]
[PlyCount "119"]
[EventDate "2019.08.21"]
[EventType "swiss"]
[EventCountry "CHN"]
[SourceTitle "playchess.com"]
[Source "ChessBase"]
[SourceQuality "1"]
[TimeControl "40/5400+30:1800+30"]

1. e4 c5 2. c3 Nf6 3. e5 Nd5 4. d4 cxd4 5. cxd4 d6 6. Nf3 Nc6 7. Bc4 Nb6 8. Bb5 dxe5 9. Nxe5 Bd7 10. Nxd7 Qxd7 11. Nc3 e6 12. O-O Be7 13. Qg4 O-O 14. Rd1 Rfd8 15. Bh6 Bf8 16. Bg5 Be7 17. Bxe7 Qxe7 18. Bxc6 bxc6 19. a3 Rd7 20. Rac1 Rad8 21. Na2 Qf6 22. Nb4 Rxd4 23. Nxc6 Rxg4 24. Rxd8+ Qxd8 25. Nxd8 Rd4 26. Nc6 Rd2 27. b3 Ra2 28. a4 Rb2 29. Nxa7 Rxb3 30. a5 Nd7 31. Rc8+ Nf8 32. g3 g6 33. Nc6 Ra3 34. Ra8 Kg7 35. a6 Nd7 36. a7 Ra6 37. Rd8 Nb6 38. Rb8 Nd7 39. a8=Q Nxb8 40. Na7 Nc6 41. Qxc6 Rxa7 42. Qc3+ Kg8 43. Qf6 Ra8 44. g4 Rc8 45. h4 Ra8 46. h5 Re8 47. h6 Kf8 48. f4 e5 49. Qg7+ Ke7 50. fxe5 Kd8 51. Qxh7 Rf8 52. Qg7 Re8 53. h7 Kc7 54. Qxf7+ Kd8 55. e6 Re7 56. h8=Q+ Kc7 57. Qxe7+ Kc6 58. Qd4 Kb5 59. Qed6 g5 60. Q6b6# 1-0

[Event "WCCC U10 2019"]
[Site "Weifang"]
[Date "2019.08.28"]
[Round "7.9"]
[White "Lu, Miaoyi"]
[Black "Han, Johnathan"]
[Result "1/2-1/2"]
[ECO "E12"]
[WhiteElo "1950"]
[BlackElo "1579"]
[Annotator "NA RC"]
[PlyCount "97"]
[EventDate "2019.08.21"]
[EventType "swiss"]
[EventCountry "CHN"]
[SourceTitle "playchess.com"]
[Source "ChessBase"]
[SourceQuality "1"]
[TimeControl "40/5400+30:1800+30"]

1. d4 Nf6 2. c4 b6 3. d5 e6 4. a3 Bb7 5. Nc3 Be7 6. e4 d6 7. Nf3 O-O 8. Bd3 Nbd7 9. b4 {[%emt 0:00:29] E12: Queen's Indian: Unusual White 4th moves, 4 a3, 4 Nc3 Bb7 5 a3 and 4 Nc3 Bb7} (9. O-O Nc5 10. Bc2 a5 11. Re1 Nfd7 12. Bd2 Bf6 13. b4 Na6 14. Rb1 axb4 15. axb4 Ne5 16. Nxe5 Bxe5 {1-0 (50) Klekowski,M (2498)-Miton,K (2584) Katowice 2017}) 9... exd5 10. exd5 Re8 11. O-O Bf8 $146 ({Predecessor:} 11... Nf8 12. Nd4 Ng6 13. Nf5 c6 14. Bc2 cxd5 15. cxd5 Bf8 16. Bb2 Rc8 {0-1 (55) Brcar,A (2039)-Zirkelbach,M (1842) Novo Mesto 2013}) 12. h3 g6 13. Bb2 Bg7 14. Qd2 Qe7 15. Rfe1 Qf8 16. Nb5 Rec8 17. Re2 a6 18. Nbd4 Re8 19. Rae1 Rxe2 20. Rxe2 Re8 21. Qe1 Rxe2 22. Qxe2 Nh5 23. g3 Ne5 24. Nxe5 Bxe5 25. Kh2 Qh6 26. Nc6 $2 (26. Nf3 $11 {and White is okay.} Bxb2 27. Qxb2) 26... Nf4 27. Qg4 Nxd3 28. Bxe5 Nxe5 29. Nxe5 dxe5 30. Qd7 {[%emt 0:00:53] [#]} Qf8 (30... b5 $1 $17 31. Qxc7 (31. cxb5 Qd2) 31... Qd2) 31. Qxc7 Qc8 32. Qxb6 Kg7 33. a4 Ba8 34. Qa7 $1 Kf8 35. b5 axb5 36. axb5 Ke8 37. f3 Qb7 38. Qe3 Qc7 39. Qa3 Bb7 40. Qa7 Kd8 41. d6 Qxd6 42. Qxb7 $11 Qd2+ 43. Kg1 Qe1+ 44. Kg2 Qe2+ 45. Kg1 Qe1+ 46. Kg2 Qe2+ 47. Kg1 Qe1+ 48. Kg2 Qe2+ 49. Kg1 1/2-1/2

[Event "WCCC U10 2019"]
[Site "Weifang"]
[Date "2019.08.28"]
[Round "7.10"]
[White "Woodward, Andy"]
[Black "Tenuunbold, Battulga"]
[Result "1/2-1/2"]
[ECO "D44"]
[WhiteElo "1522"]
[BlackElo "1754"]
[Annotator "NA RC"]
[PlyCount "49"]
[EventDate "2019.08.21"]
[EventType "swiss"]
[EventCountry "CHN"]
[SourceTitle "playchess.com"]
[Source "ChessBase"]
[SourceQuality "1"]
[TimeControl "40/5400+30:1800+30"]

1. d4 d5 2. c4 c6 3. Nf3 Nf6 4. Nc3 e6 5. Bg5 dxc4 6. e4 b5 7. e5 h6 8. Bh4 g5 9. Nxg5 hxg5 10. Bxg5 Be7 11. exf6 Bxf6 12. Bxf6 Qxf6 13. g3 Bb7 14. Bg2 Na6 15. Nxb5 O-O-O 16. Qa4 cxb5 17. Bxb7+ Kxb7 18. Qxb5+ Ka8 19. Qc6+ Kb8 20. Qb5+ Ka8 21. Qc6+ Kb8 22. Qb5+ Ka8 23. Qc6+ Kb8 24. Qb5+ Ka8 25. Qc6+ 1/2-1/2

[Event "WCCC U10 2019"]
[Site "Weifang"]
[Date "2019.08.29"]
[Round "8.1"]
[White "Ilamparthi A R"]
[Black "Wongso, Steve"]
[Result "1-0"]
[ECO "D78"]
[WhiteElo "1984"]
[BlackElo "1765"]
[Annotator "NA"]
[PlyCount "65"]
[EventDate "2019.08.21"]
[EventType "swiss"]
[EventCountry "CHN"]
[SourceTitle "playchess.com"]
[Source "ChessBase"]
[SourceQuality "1"]
[TimeControl "40/5400+30:1800+30"]

1. Nf3 Nf6 2. g3 g6 3. Bg2 Bg7 4. O-O O-O 5. d4 d5 6. c4 dxc4 $146 ({Predecessor:} 6... c6 7. Nc3 {½-½ (10) Lajthajm,B (2427)-Obodchuk,A (2377) Backi Petrovac 2017}) 7. Nc3 c6 8. Ne5 Be6 9. e4 Nbd7 10. Qe2 {[%emt 0:12:10] D78: Fianchetto Grünfeld: 6 0-0 c6} c5 (10... Nxe5 $17 11. dxe5 Nd7) 11. Nxd7 Qxd7 12. d5 Bh3 13. Qxc4 Bxg2 14. Kxg2 Rac8 15. e5 b5 $1 16. Qd3 Ng4 17. f4 b4 18. Ne4 c4 19. Qf3 Kh8 20. Rd1 Nh6 21. Be3 Nf5 22. Bf2 h5 ({Black should try} 22... f6) 23. h3 Nh6 24. a3 a5 (24... c3 $142) 25. axb4 axb4 26. Ra7 Qb5 27. d6 Rfd8 28. dxe7 Rxd1 29. Qxd1 Qc6 30. Qf3 $18 Nf5 31. Nd6 Nxe7 32. Nxc8 Qxc8 33. Ra8 1-0

[Event "WCCC U10 2019"]
[Site "Weifang"]
[Date "2019.08.29"]
[Round "8.2"]
[White "Efimov, Leonid"]
[Black "Sodbilegt, Naranbold"]
[Result "0-1"]
[ECO "A13"]
[WhiteElo "1773"]
[BlackElo "1458"]
[Annotator "NA"]
[PlyCount "116"]
[EventDate "2019.08.21"]
[EventType "swiss"]
[EventCountry "CHN"]
[SourceTitle "playchess.com"]
[Source "ChessBase"]
[SourceQuality "1"]
[TimeControl "40/5400+30:1800+30"]

1. Nf3 Nf6 2. g3 e6 3. Bg2 c5 4. O-O d5 5. c4 d4 6. e3 Nc6 7. exd4 cxd4 8. d3 Bd6 9. Re1 O-O 10. Bg5 h6 11. Bxf6 Qxf6 12. Nbd2 e5 13. Ne4 Qd8 14. Nxd6 Qxd6 15. b4 Nxb4 16. Rxe5 Bg4 17. Re4 f5 18. Re1 f4 19. Re4 Rae8 20. Rxe8 Rxe8 21. Qb3 Kh8 22. Rb1 a5 23. a3 fxg3 24. hxg3 Bxf3 25. Bxf3 Qf6 26. Be4 Rf8 27. Rf1 Na6 28. Qxb7 Nc5 29. Qd5 Nb3 30. f4 Nd2 31. Rf2 Rd8 32. Qf5 Nxe4 33. Qxe4 Rb8 34. Kg2 Rb3 35. a4 Rb8 36. Qe5 Qc6+ 37. Qe4 Qxe4+ 38. dxe4 Rb4 39. c5 Rxa4 40. c6 Rc4 41. Rd2 a4 42. c7 Rxc7 43. Rxd4 Ra7 44. Rd2 a3 45. Ra2 g6 46. Kf3 Kg7 47. Ke3 Ra4 48. Kf3 Kf6 49. Ke3 Ke6 50. Kd3 Kd6 51. g4 g5 52. fxg5 hxg5 53. Ke3 Kc5 54. Kd3 Kb4 55. Kc2 Kc4 56. e5 Kd5 57. Kb3 Rxg4 58. Rxa3 Rg3+ 0-1

[Event "WCCC U10 2019"]
[Site "Weifang"]
[Date "2019.08.29"]
[Round "8.4"]
[White "Vetokhin, Savva"]
[Black "Meng, Yihan"]
[Result "1-0"]
[ECO "B32"]
[WhiteElo "2016"]
[BlackElo "1793"]
[Annotator "NA"]
[PlyCount "189"]
[EventDate "2019.08.21"]
[EventType "swiss"]
[EventCountry "CHN"]
[SourceTitle "playchess.com"]
[Source "ChessBase"]
[SourceQuality "1"]
[TimeControl "40/5400+30:1800+30"]

1. e4 c5 2. Nf3 Nc6 3. d4 cxd4 4. Nxd4 e5 5. Nb5 a6 6. Nd6+ Bxd6 7. Qxd6 Qe7 8. Qxe7+ Ngxe7 9. Na3 {[%emt 0:01:06] B32: Sicilian: Löwenthal and Kalashnikov Variations} (9. Nc3 d5 10. Bd2 Be6 11. O-O-O O-O-O 12. f3 Kc7 13. b3 f6 14. exd5 Nxd5 15. Nxd5+ Rxd5 16. Bd3 h6 17. Be4 Rd7 18. Bc3 {½-½ (73) Carlsen,M (2837)-Radjabov,T (2788) Astana 2012}) 9... b5 $146 ({Predecessor:} 9... d5 10. exd5 Nxd5 11. Bd2 Be6 12. O-O-O Rc8 13. b3 O-O 14. Kb2 Rfd8 15. Bd3 Rd7 16. Rhe1 Rcd8 {½-½ (65) Nabaty,T (2603)-Radovanovic,M (2379) Belgrade 2015}) 10. c3 d5 11. exd5 Nxd5 12. Be2 O-O 13. O-O Be6 14. Nc2 f5 15. Rd1 Rfd8 16. Bg5 Rd7 17. a4 bxa4 18. Rxa4 h6 19. Bc1 Rad8 20. Re1 Nc7 21. Ne3 a5 22. Nc4 Rd5 23. Be3 Na8 ({Black should play} 23... Rb8) 24. Bf1 Rd1 25. Ra1 Rxa1 26. Rxa1 f4 27. Bc5 Kh7 28. b4 axb4 29. cxb4 Nc7 30. Na5 Nxa5 31. bxa5 Na8 32. a6 Rd7 33. Bb5 Rd2 34. Bb4 Rb2 35. Bc6 Nc7 36. Bc3 Rb6 37. Be4+ g6 38. a7 Bf5 39. a8=Q Nxa8 40. Bxa8 Rb5 41. Re1 e4 42. Bxe4 Bxe4 43. Rxe4 Rb1+ 44. Re1 Rb7 45. Bf6 Rb6 46. Bd4 Rb7 47. h4 Rf7 48. Bc5 Rf5 49. Re7+ Kg8 50. Re8+ Kg7 51. Bd4+ Kf7 52. Rh8 Rh5 53. g3 fxg3 54. fxg3 Rd5 55. Rh7+ Ke6 56. Rxh6 Rxd4 57. Rxg6+ Kf5 58. Rg5+ Kf6 59. Kg2 Ra4 60. Rb5 Kg6 61. Kh3 Rc4 62. Rb3 Rc1 63. g4 Rh1+ 64. Kg3 Rg1+ 65. Kf4 Rf1+ 66. Rf3 Ra1 67. h5+ Kh6 68. Kg3 Kg5 69. Rf5+ Kh6 70. Rf6+ Kg7 71. Rg6+ Kh7 72. Kh4 Rb1 73. Ra6 Rb4 74. h6 Rb1 75. Kh5 Rh1+ 76. Kg5 Rb1 77. Ra7+ Kh8 78. Kh5 Rb6 79. g5 Rb5 80. Rf7 Kg8 81. Re7 Ra5 82. Kg6 Ra6+ 83. Kf5 Ra5+ 84. Re5 Ra1 85. g6 Rf1+ 86. Kg5 Rg1+ 87. Kf6 Rf1+ 88. Rf5 Rxf5+ 89. Kxf5 Kf8 90. Kf6 Kg8 91. g7 Kh7 92. Kf7 Kxh6 93. g8=Q Kh5 94. Qg3 Kh6 95. Qg6# 1-0

[Event "WCCC U10 2019"]
[Site "Weifang"]
[Date "2019.08.29"]
[Round "8.5"]
[White "Wei, Jianzhou"]
[Black "Nguyen, Anh Khoa"]
[Result "1-0"]
[ECO "E83"]
[WhiteElo "1656"]
[BlackElo "1341"]
[Annotator "NA"]
[PlyCount "87"]
[EventDate "2019.08.21"]
[EventType "swiss"]
[EventCountry "CHN"]
[SourceTitle "playchess.com"]
[Source "ChessBase"]
[SourceQuality "1"]
[TimeControl "40/5400+30:1800+30"]

1. d4 Nf6 2. c4 g6 3. Nc3 Bg7 4. e4 d6 5. f3 O-O 6. Be3 Nc6 7. Nge2 a6 8. Qd2 Na5 9. Nc1 Nd7 10. Na4 c5 11. Rb1 cxd4 12. Bxd4 Bxd4 13. Qxd4 Nc6 14. Qd2 f5 15. exf5 Rxf5 16. Bd3 Rf6 17. Be4 Nde5 18. O-O Kg7 19. b3 Be6 20. Ne2 Bg8 21. Nac3 e6 22. Bxc6 Qb6+ 23. Kh1 Nxc6 24. Ne4 Rff8 25. Qc3+ e5 26. Nxd6 Rad8 27. c5 Qc7 28. Rfd1 Rf6 29. Qe3 Be6 30. Ng3 h6 31. Nge4 Rff8 32. Rd2 Rd7 33. b4 Rfd8 34. a4 g5 35. b5 axb5 36. axb5 Ne7 37. Nxg5 hxg5 38. Qxe5+ Kh7 39. Qxe6 Qxc5 40. Qf7+ Kh8 41. Ne8 Qe5 42. Rxd7 Rxd7 43. Nf6 Qf5 44. Qf8+ 1-0